 Dungeon Crawl Stone Soup version 0.24.0-2-g5b39cebb1c (webtiles) character file.

Game seed: 3149215311905339274, levelgen mode: deterministic

116 Mrkan the Chopper (level 5, -1/47 HPs)
             Began as a Hill Orc Fighter on Oct 29, 2019.
             Slain by an orc wizard
             ... wielding a +0 dagger
              (2 damage)
             ... on level 3 of the Dungeon.
             The game lasted 00:02:30 (1782 turns).

Mrkan the Chopper (Hill Orc Fighter)                Turns: 1782, Time: 00:02:31

Health: -1/47      AC:  8    Str: 19    XL:     5   Next: 0%
Magic:  5/5        EV:  7    Int:  8    God:
Gold:   42         SH:  9    Dex: 11    Spells: 4/4 levels left

rFire    . . .     SeeInvis .   a - +0 war axe
rCold    . . .     Gourm    .   c - +0 shield
rNeg     . . .     Faith    .   b - +0 scale mail
rPois    .         Spirit   .   (no helmet)
rElec    .         Reflect  .   (no cloak)
rCorr    .         Harm     .   i - +0 pair of gloves
MR       .....                  (no boots)
Stlth    ..........             (no amulet)
HPRegen  0.15/turn              (no ring)
MPRegen  0.09/turn              (no ring)

@: slowed, very slow
A: no striking features
a: no special abilities


You were on level 3 of the Dungeon.
You were very hungry.

You visited 1 branch of the dungeon, and saw 3 of its levels.

You collected 42 gold pieces.

Inventory:

Hand Weapons
 a - a +0 war axe (weapon)
Armour
 b - a +0 scale mail (worn)
 c - a +0 shield (worn)
 i - a +0 pair of gloves (worn)
Scrolls
 e - a scroll of amnesia {unknown}
 h - a scroll of teleportation {unknown}
 j - 4 scrolls of identify {unknown}
 l - a scroll of blinking {unknown}
 m - a scroll of remove curse {unknown}
 p - a scroll of magic mapping {unknown}
Potions
 d - 2 potions of might
 k - a potion of curing {unknown}
 o - a potion of mutation {unknown}
Comestibles
 f - 3 rations


   Skills:
 + Level 4.3 Fighting
 * Level 4.6 Axes
 + Level 3.9 Armour
 + Level 4.0 Shields


You had 4 spell levels left.
You didn't know any spells.
Your spell library was empty.

Dungeon Overview and Level Annotations

Branches:
Dungeon (3/15)

Altars:


Message History

The orc wizard blinks!
Okay, then.
You start resting.
The orc wizard is too close now for your liking.
The orc wizard gestures wildly while chanting.
The orc wizard blinks!
Items here: )) [[ †† It was a potion of magic.
Magic courses through your body.
The orc wizard points at you and mumbles some strange words.
You feel as though you will be slow longer.
The orc wizard casts a spell at you. The magic dart hits you.
* * * LOW HITPOINT WARNING * * *
The orc wizard points at you and mumbles some strange words.
The magic dart hits you.
* * * LOW HITPOINT WARNING * * *
You closely miss the orc wizard.
The orc wizard is severely wounded.
The orc wizard hits you with a +0 dagger.
You die...

#.# ..... #.#
.... #.# #...
... ... #.# ..
#.# .##
#.#####o.###..
###...).@.......
#<...#####......
#.o.....#.##
.....
..........# ....
.......##.. ...
....... #... ##
#...... #...#
#.....# #....
...... ....#


You could see an orc wizard.

Vanquished Creatures
  An orc priest (D:3)
  An orc wizard (D:2)
  3 leopard geckos (D:1)
  2 orcs
  2 bats
  3 giant cockroaches
  6 goblins
  5 hobgoblins
  2 jackals (D:1)
  3 quokkas (D:2)
  A ball python (D:1)
  2 kobolds (D:1)
  6 rats
37 creatures vanquished.

Vanquished Creatures (others)
  An orc wizard (D:2)
1 creature vanquished.

Grand Total: 38 creatures vanquished

Notes
Turn   | Place    | Note
-------+----------+-------------------------------------------
     0 | D:1      | Mrkan the Hill Orc Fighter began the quest for the Orb.
     0 | D:1      | Reached XP level 1. HP: 19/19 MP: 1/1
    52 | D:1      | Reached XP level 2. HP: 27/27 MP: 2/2
   493 | D:1      | Reached XP level 3. HP: 31/33 MP: 3/3
  1067 | D:2      | Reached XP level 4. HP: 17/40 MP: 4/4
  1763 | D:3      | Reached XP level 5. HP: 9/47 MP: 5/5
  1781 | D:3      | HP: 1/47 [orc wizard/magic dart (2)]
  1782 | D:3      | Slain by an orc wizard

Levels and vault maps discovered:
D:1:      wander_arrival_fairy_ring, layout_basic, kennysheep_boxes
D:2:      lemuel_upstairs_altar, layout_loops_ring, serial_forest,
          infiniplex_forest_lined_room_2, infiniplex_forest_clump_diagonal,
          infiniplex_forest_lined_room_3, infiniplex_forest_zigzag_1,
          infiniplex_forest_straight_2, infiniplex_forest_end_3,
          infiniplex_forest_straight_4, infiniplex_forest_diagonal
D:3:      minmay_goblin_kobold_castle, layout_rooms, gammafunk_ghost_necromancy

Skill      XL: |  1  2  3  4 |
---------------+-------------+-----
Axes           | 3 4 |  4.6
Fighting       | 4 |  4.3
Shields        | 4 |  4.0
Armour         | |  3.9

Action                   |  1- 3 |  4- 6 || total
-------------------------+-------+-------++-------
Melee: War axe           |   109 |    40 ||   149
  Use: Potion            |       |     1 ||     1
  Eat: Chunk             |     1 |     1 ||     2
Armor: Scale mail        |    51 |    17 ||    68
Dodge: Dodged            |    28 |    10 ||    38
Block: Shield            |    49 |    17 ||    66
